 Dungeon Crawl Stone Soup version 0.27.1-35-g4d5d836560 (console) character file.

Game seed: 11561932368063003557

21784 grimtooth the Fighter (level 12, -24/102 HPs)
             Began as a Demonspawn Abyssal Knight on May 31, 2022.
             Was a High Priest of Lugonu.
             Killed from afar by Fannar (37 damage)
             ... with a bolt of cold
             ... on level 2 of the Lair of Beasts on June 1, 2022.
             The game lasted 01:52:36 (20508 turns).

grimtooth the Fighter (Demonspawn Abyssal Knight)  Turns: 20508, Time: 01:52:37

Health: -24/102    AC: 24    Str: 17    XL:     12   Next: 57%
Magic:  16/20      EV: 12    Int: 14    God:    Lugonu [*****.]
Gold:   805        SH:  4    Dex: 13    Spells: 11/11 levels left

rFire    . . .     SeeInvis .   a - +2 whip (flame)
rCold    . . .     Faith    .   (no shield)
rNeg     . . .     Spirit   .   H - +3 scale mail {rPois}
rPois    +         Reflect  .   U - +1 helmet
rElec    .         Harm     .   J - +2 cloak {rCorr}
rCorr    +         Rampage  .   (no gloves)
Will     +....                  (no boots)
Stlth    ..........             (no amulet)
HPRegen  0.27/turn              C - ring of flight
MPRegen  0.17/turn              A - ring of willpower

@: flying
A: talons 2, molten scales 2, icemail 1, powered by death 1, condensation shield
a: Renounce Religion, Depart the Abyss, Bend Space, Banish, Corrupt, Enter the
Abyss


You were on level 2 of the Lair of Beasts.
You worshipped Lugonu.
Lugonu was extremely pleased with you.
You visited 2 branches of the dungeon, and saw 14 of its levels.
You visited the Abyss 1 time.
You also visited: Bailey.

You collected 805 gold pieces.

Inventory:

Hand Weapons
 a - a +2 whip of flaming (weapon)
 b - a +0 hunting sling
 k - a +5 flail
Missiles
 d - 2 throwing nets {=f}
 g - 139 sling bullets
 s - 19 boomerangs
 v - 5 boomerangs of dispersal
 x - 12 curare-tipped darts
 O - 39 poisoned darts (quivered)
Armour
 G - a +2 robe of fire resistance
 H - a +3 scale mail of poison resistance (worn)
 J - a +2 cloak of preservation (worn)
 U - a +1 helmet (worn)
Jewellery
 A - a ring of willpower (right hand)
 C - a ring of flight (left hand)
Wands
 m - a wand of mindburst (14)
 t - a wand of flame (3)
 E - a wand of digging (3)
Scrolls
 h - a scroll of enchant weapon
 i - a scroll of amnesia {unknown}
 l - 2 scrolls of vulnerability {unknown}
 p - 3 scrolls of magic mapping {unknown}
 u - 2 scrolls of fear
 y - 2 scrolls of noise {unknown}
 N - 4 scrolls of teleportation
 P - 2 scrolls of enchant armour {unknown}
 R - a scroll of blinking {unknown}
 V - a scroll of acquirement {unknown}
 W - a scroll of fog {unknown}
Potions
 c - a potion of flight {unknown}
 e - 5 potions of curing
 f - a potion of resistance
 j - a potion of magic
 n - a potion of haste
 o - a potion of brilliance {unknown}
 q - 4 potions of invisibility {unknown}
 r - 3 potions of attraction
 z - 2 potions of mutation
 L - 3 potions of degeneration {unknown}
 M - a potion of might
 T - a potion of lignification {unknown}
Miscellaneous
 B - a phial of floods (inert)


   Skills:
 - Level 12.0 Fighting
 * Level 8.1(8.2) Maces & Flails
 - Level 1.4(5.3) Staves
 * Level 5.3 Throwing
 - Level 9.0 Armour
 - Level 6.0 Dodging
 + Level 11.2 Invocations


You had 11 spell levels left.
You didn't know any spells.
Your spell library contained the following spells:

 Spells                   Type           Power      Damage    Failure   Level
 Magic Dart               Conj           0%         1d3       63%         1
 Call Imp                 Summ           0%         N/A       77%         2
 Call Canine Familiar     Summ           0%         N/A       94%         3
 Mephitic Cloud           Conj/Pois/Air  0%         N/A       94%         3
 Ozocubu's Armour         Ice            0%         N/A       94%         3
 Portal Projectile        Hex/Tloc       0%         N/A       94%         3
 Animate Dead             Necr           0%         N/A       100%        4
 Leda's Liquefaction      Hex/Erth       0%         N/A       100%        4
 Metabolic Englaciation   Hex/Ice        0%         N/A       100%        5
 Simulacrum               Ice/Necr       0%         N/A       100%        6
 Haunt                    Necr/Summ      0%         N/A       100%        7
 Infestation              Necr           0%         N/A       100%        8


Dungeon Overview and Level Annotations

Branches:
Dungeon (12/15)            Temple (0/1) D:5            Lair (2/6) D:8
    Orc (0/2) D:12         Bailey (visited)
  Swamp: Lair:2-4    Shoals: Lair:2-4     Snake: Lair:2-4    Spider: Lair:2-4

Altars:
Ashenzari
Dithmenos
Gozag
Hepliaklqana
Kikubaaqudgha
Nemelex Xobeh
Qazlal
Sif Muna
Trog
Uskayaw
Vehumet
Xom
The Shining One
Beogh

Shops:
D:6 :   D:9 (

Annotations:
D:7 acid!
Lair:1 2 transporters, 6 runed translucent doors, iwittbrodt's ghost, journeyman DrCj
Lair:2 Fannar


Innate Abilities, Weirdness & Mutations

You have razor-sharp toenails.
You are mostly covered in molten scales. (AC +3)
A meltable icy envelope protects you from harm. (AC +4)
You regenerate a little health from kills.
A meltable shield of frost defends you. (SH +4)


Message History

The ice beast hits you.
* * * LOW HITPOINT WARNING * * *
The ice beast freezes you.
* * * LOW HITPOINT WARNING * * *
Fannar closely misses you.
Okay, then.
You feel better. The ice beast barely misses you.
Fannar mumbles some strange words.
Fannar drains the heat from the surrounding environment!
* * * LOW HITPOINT WARNING * * *
Space bends sharply around you!
The ice beast blinks!
You blink.
You feel better.
Aiming: Throw Flame
Press: ? - help, Shift-Dir - straight line, f/p - Fannar
Aim: Fannar, wielding a +0 quarterstaff of freezing, wearing a +2 robe of cold resistance and wearing a ring of ice (almost dead, 48% to hit)
The puff of flame hits Fannar.
Fannar is burned terribly!
Fannar is almost dead.
Fannar gestures wildly while chanting.
Fannar blinks!
Enter note: - crap
Press: ? - help, v - describe, . - travel
Here: Fannar, wielding a +0 quarterstaff of freezing, wearing a +2 robe of cold resistance and wearing a ring of ice (almost dead)
The floor.
Space bends around you!
You blink.
Fannar casts a spell.
Aiming: Throw Flame
Press: ? - help, Shift-Dir - straight line, f/p - Fannar
Aim: Fannar, wielding a +0 quarterstaff of freezing, wearing a +2 robe of cold resistance and wearing a ring of ice (almost dead, 48% to hit)
The puff of flame hits Fannar but does no damage.
Fannar is almost dead.
Okay, then.
As you read the scroll of fear, it crumbles to dust.
You assume a fearsome visage.
The ice beast looks frightened!
Fannar resists with almost no effort.
Fannar gestures at you while chanting.
The bolt of cold hits the ice beast.
The ice beast completely resists.
Fannar's attack snaps the ice beast out of its fear.
The bolt of cold hits you!!!
You die...

## ######## #######.
###.#.##.####.#.##.#
##.Y@................
#.e.######..#....##.#
##.## ####....####
#.# #.....# #.###
P.#....# . #.§.#
+..+........
#..+......# #....#.P#
##.####..## #.....##
#.# ..# ... # #.#


You could see Fannar and an ice beast (summoned).

Vanquished Creatures
  Rupert (D:12)
  Erolcha (D:12)
  2 two-headed ogres
  Pikel (D:9)
  2 orc knights (Bailey)
  3 wolf spiders (Lair:1)
  2 cyclopes (D:12)
  A manticore (D:11)
  2 centaur zombies
  2 kobold demonologists
  A cane toad (Lair:1)
  An unseen horror (D:11)
  2 komodo dragons (Lair:1)
  A jumping spider (Lair:1)
  7 trolls
  A hornet (D:10)
  5 slime creatures
  9 blink frogs (Lair:1)
  4 yaks (D:10)
  A wraith (D:10)
  A tarantella (Lair:1)
  A wyvern (D:4)
  3 steam dragons
  3 acid dragons
  2 water moccasins
  Duvessa (D:5)
  3 black bears
  A necrophage (D:5)
  A sky beast (D:5)
  4 wolves
  9 orc warriors
  3 ogres
  5 centaurs
  2 kobold brigands (D:9)
  3 bullfrogs
  2 gnoll sergeants
  2 scorpions
  Dowan (D:5)
  3 water moccasin zombies
  A wyvern skeleton (D:6)
  14 killer bees
  14 wights
  A howler monkey (D:11)
  3 electric eels
  A bullfrog zombie (D:5)
  6 orc priests
  A bullfrog skeleton (D:5)
  A centaur skeleton (D:4)
  6 hounds
  A gnoll shaman (D:6)
  4 iguanas
  Terence (D:3)
  A hell rat (D:8)
  4 orc wizards
  3 killer bee zombies
  A howler monkey zombie (D:7)
  15 gnolls
  A howler monkey skeleton (D:6)
  9 adders
  13 river rats (D:8)
  A shadow imp (D:5)
  A white imp (D:6)
  2 ufetubi (D:4)
  4 dart slugs
  50 orcs
  13 ball pythons
  2 bats (D:2)
  5 endoplasms
  2 giant cockroaches
  9 goblins
  7 hobgoblins
  4 jackals
  15 kobolds
  5 quokkas
  A frilled lizard (D:3)
  23 rats
344 creatures vanquished.

Vanquished Creatures (others)
  A kobold (D:9)
  8 fungi (Lair:2)
  7 plants
16 creatures vanquished.

Grand Total: 360 creatures vanquished

Notes
Turn   | Place    | Note
-------+----------+-------------------------------------------
     0 | Abyss:1  | grimtooth the Demonspawn Abyssal Knight began the quest for
                  | the Orb.
     0 | Abyss:1  | Reached XP level 1. HP: 18/18 MP: 2/2
    49 | Abyss:1  | Noticed a ynoxinul
    55 | Abyss:1  | Noticed an apocalypse crab
    58 | D:1      | Escaped the Abyss
   212 | D:1      | Reached * piety under Lugonu
   285 | D:1      | Gained mutation: You regenerate a little health from kills.
                  | [demonic ancestry]
   285 | D:1      | Reached XP level 2. HP: 24/24 MP: 3/3
   527 | D:1      | Found a faded altar of an unknown god.
  1270 | D:2      | Gained mutation: You have sharp toenails. [demonic
                  | ancestry]
  1270 | D:2      | Reached XP level 3. HP: 12/29 MP: 4/4
  1727 | D:2      | Reached XP level 4. HP: 31/37 MP: 5/5
  2037 | D:2      | Reached ** piety under Lugonu
  2172 | D:3      | Noticed Terence
  2279 | D:3      | Killed Terence
  2315 | D:3      | Reached skill level 4 in Fighting
  2447 | D:3      | Found a broken altar of Ashenzari.
  2561 | D:3      | Found a radiant altar of Vehumet.
  2579 | D:3      | Gained mutation: You have razor-sharp toenails. [demonic
                  | ancestry]
  2579 | D:3      | Reached XP level 5. HP: 35/42 MP: 6/6
  3408 | D:4      | Noticed a black bear
  3417 | D:4      | Killed a black bear
  3418 | D:4      | Reached skill level 5 in Maces & Flails
  3418 | D:4      | Reached XP level 6. HP: 41/49 MP: 7/7
  3431 | D:4      | Found a stormy altar of Qazlal.
  3493 | D:4      | Found an opulent altar of Gozag.
  3749 | D:4      | Reached skill level 5 in Fighting
  3781 | D:4      | Noticed a wyvern
  3792 | D:4      | Killed a wyvern
  3793 | D:4      | Gained mutation: A meltable shield of frost defends you.
                  | (SH +4) [demonic ancestry]
  3793 | D:4      | Reached XP level 7. HP: 22/56 MP: 8/8
  4350 | D:5      | Entered Level 5 of the Dungeon
  4396 | D:5      | Noticed Duvessa
  4422 | D:5      | Killed Duvessa
  4562 | D:5      | Noticed Dowan
  4569 | D:5      | Killed Dowan
  4570 | D:5      | Reached skill level 6 in Fighting
  4694 | D:5      | Reached skill level 7 in Fighting
  4808 | D:5      | Reached XP level 8. HP: 46/68 MP: 9/9
  4859 | D:5      | Reached skill level 8 in Fighting
  4898 | D:5      | Found a shimmering altar of Xom.
  5007 | D:5      | Found a staircase to the Ecumenical Temple.
  5302 | D:5      | Reached *** piety under Lugonu
  5851 | D:6      | Found Koaffiefi's Book Shoppe.
  6324 | D:6      | Reached XP level 9. HP: 62/69 MP: 12/12
  6417 | D:6      | Reached skill level 5 in Invocations
  6816 | D:6      | Reached skill level 5 in Armour
  7400 | D:7      | Reached skill level 9 in Fighting
  8725 | D:8      | Noticed a troll
  8733 | D:8      | Killed a troll
  8811 | D:7      | Reached skill level 1 in Dodging
  9041 | D:8      | Reached **** piety under Lugonu
  9570 | D:8      | Found an ancient bone altar of Kikubaaqudgha.
  9571 | D:8      | Found a shadowy altar of Dithmenos.
  9571 | D:8      | Found a hazy altar of Hepliaklqana.
  9572 | D:8      | Found a bloodstained altar of Trog.
  9574 | D:8      | Found a shimmering blue altar of Sif Muna.
  9575 | D:8      | Found a hide-covered altar of Uskayaw.
  9839 | D:8      | Found a staircase to the Lair.
 10015 | D:8      | You fall into a shaft and drop 3 floors!
 10015 | D:11     | Noticed a troll
 10016 | D:11     | - crap
 10024 | D:11     | Killed a troll
 10025 | D:11     | Gained mutation: You are partially covered in molten
                  | scales. (AC +2) [demonic ancestry]
 10025 | D:11     | Reached XP level 10. HP: 78/83 MP: 14/16
 10047 | D:10     | Entered Level 10 of the Dungeon
 10148 | D:10     | Found a flagged portal.
 10165 | Bailey   | Entered a bailey
 10176 | Bailey   | - star chamber?
 10231 | Bailey   | Reached ***** piety under Lugonu
 10364 | Bailey   | Reached skill level 5 in Dodging
 10479 | Bailey   | Noticed an orc knight
 10517 | Bailey   | Killed an orc knight
 10580 | Bailey   | Noticed an orc knight
 10593 | Bailey   | - whoa pay attention
 10620 | Bailey   | Killed an orc knight
 10908 | Bailey   | Found the +9 scales of the Dragon King {rPois rF+ rC+
                  | Will+}
 11055 | D:10     | Paralysed by a hornet for 3 turns
 11067 | D:10     | Reached skill level 10 in Invocations
 11078 | D:10     | Reached skill level 1 in Staves
 11963 | D:9      | Noticed Pikel
 13157 | D:9      | Noticed a rust devil
 13346 | D:9      | Noticed a two-headed ogre
 13364 | D:9      | Killed a two-headed ogre
 13365 | D:9      | Gained mutation: A meltable icy envelope protects you from
                  | harm. (AC +4) [demonic ancestry]
 13365 | D:9      | Reached XP level 11. HP: 69/90 MP: 18/18
 13396 | D:9      | Found Noubub Piaw's Weapon Emporium.
 13516 | D:9      | Found a sparkling altar of Nemelex Xobeh.
 13590 | D:9      | Killed Pikel
 13591 | D:9      | Reached skill level 10 in Fighting
 16390 | D:12     | Reached skill level 11 in Fighting
 16561 | D:12     | Noticed a two-headed ogre
 16648 | D:12     | Noticed Rupert
 16686 | D:12     | Killed Rupert
 16687 | D:12     | Reached skill level 12 in Fighting
 16956 | D:12     | Reached skill level 1 in Throwing
 17689 | D:10     | Gained mutation: You are mostly covered in molten scales.
                  | (AC +3) [demonic ancestry]
 17689 | D:10     | Reached XP level 12. HP: 81/102 MP: 19/19
 18202 | D:12     | Found a staircase to the Orcish Mines.
 18285 | D:12     | Noticed Erolcha
 18300 | D:12     | Killed Erolcha
 18454 | D:12     | Killed a two-headed ogre
 18634 | Lair:1   | Entered Level 1 of the Lair of Beasts
 19381 | Lair:1   | Found a transporter.
 19381 | Lair:1   | Noticed iwittbrodt's ghost (journeyman DrCj)
 19717 | Lair:1   | Found a transporter.
 19824 | Lair:1   | Found a runed translucent door.
 19972 | Lair:1   | Reached skill level 5 in Throwing
 20334 | Lair:1   | Identified the +3 whip of Vodiw {vorpal, *Rage rCorr Dex+7}
 20336 | Lair:1   | Found a runed translucent gate.
 20336 | Lair:1   | Found a runed translucent gate.
 20336 | Lair:1   | Found a runed translucent gate.
 20336 | Lair:1   | Found a runed translucent gate.
 20336 | Lair:1   | Found a runed translucent gate.
 20336 | Lair:1   | Found a runed translucent gate.
 20336 | Lair:1   | Noticed a boulder beetle
 20336 | Lair:1   | Noticed a boulder beetle
 20458 | Lair:2   | Noticed Fannar
 20502 | Lair:2   | HP: 5/102 [Fannar/refrigeration (23)]
 20506 | Lair:2   | - crap
 20508 | Lair:2   | Killed from afar by Fannar

Illustrated notes ... ... .... ..... .....## .......## ........###.# ....!..@....# (.............. ..............# ............... [......#...##.. ......T #.## # ...##.. .# ..# ... .# Turn 10016 on D:11: - crap ### #∩#### ##∩..#### ####...## ########.## #......@..# #.≈≈≈≈≈≈≈## #.≈..##### #.≈. #.≈ #. # Turn 10176 on Bailey: - star chamber?

#∩#### ##.........##
##∩..#######..≈≈≈≈≈≈≈..##
####...##...≈≈.....≈≈..##
########.##..≈..###..≈≈..#######
#.........##...## ##..≈≈........
#.≈≈≈≈≈≈≈####### ##..≈≈≈≈≈≈≈≈≈
#.≈))##### ##..........
#.≈)#############+#############.
#.≈.##.$$$.##.........#'.....##.
#.≈..## ##..≈≈≈≈≈≈≈..##...##..
#.≈≈).## ##..≈≈@....≈≈.§##.##.)≈
#∩.≈≈.)# #..§≈...⌠..§§≈..#'#..≈≈
##.≈≈..# #..≈≈..⌠∩⌠.[≈≈§.#'#..≈≈
#.≈≈..## ##.o≈≈..§§)≈§..##.##..≈
#.≈..## #(..≈≈≈§§≈≈..##...##..
#.≈.##....(##.....§...##.....##.
#.≈.#############+###'#########.
#.≈........))##.....##......))))
#.≈≈≈≈≈≈≈≈≈≈))##.∩.##..≈≈≈≈≈≈≈≈≈
#..........≈≈..## ##..≈≈........
##########..≈≈..###..≈≈..#######


Turn 10593 on Bailey: - whoa pay attention ######## ###### ###.#.##.####.#.##
##@................ #e..######.P#....## ##.## ####....## #.# #.....# #.###
P.#....# #.§.# +..+...... #..+......# #....#. ##.####..## #.....# #.# ..# ... #
#.# Turn 20506 on Lair:2: - crap

Levels and vault maps discovered:
D:1:      lightli_arrival_isolated_outpost, layout_loops_ring,
          ebering_ecumenical_altar_box, kennysheep_pointless_box, minmay_tripent
D:2:      layout_basic
D:3:      layout_rooms, lemuel_crystal_altar, vehumet_altar_wand_db,
          serial_park_tiny_pond, uniq_terence
D:4:      layout_loops_ring, mainiacjoe_overflow_paths,
          nicolae_qazlal_scattered_showers
D:5:      layout_loops_ring, mainiacjoe_overflow_surrounded_room,
          minmay_temple_entry_poolview, uniq_duvessa
D:6:      layout_cave_pools, serial_shops, shop
D:7:      layout_cave_pools
D:8:      lemuel_ratsnest, layout_basic, minitemple, erik_lair_island,
          minmay_crystal_water
D:9:      layout_long_grid, nicolae_tso_carved_into_rock,
          mainiacjoe_overflow_concentric_impassable, serial_shops, shop,
          hangedman_abyss_or_decor_lesser_grid, uniq_pikel
D:10:     layout_long_grid, enter_bailey_3
D:11:     layout_cave_pools
D:12:     layout_rooms, david_orc_5, uniq_rupert, uniq_erolcha
Lair:1:   gammafunk_indiana_jones, layout_regular_city, gammafunk_ghost_arena,
          serial_bayou_shore_a, infiniplex_staircase_pool
Lair:2:   layout_regular_city, elwin_shoals_entry_rooms, uniq_fannar

Skill      XL: |  1  2  3  4  5  6  7  8  9 10 11 12 |
---------------+-------------------------------------+-----
Maces & Flails | 2 3 4 5 6 8 |  8.1
Fighting       | 4 5 7 8 9 12 | 12.0
Armour         | 4 6 7 9 |  9.0
Invocations    | 4 8 10 11 | 11.2
Dodging        | 4 6 |  6.0
Staves         | 1 |  1.4
Throwing       | 2 5 |  5.3

Action                   |  1- 3 |  4- 6 |  7- 9 | 10-12 || total
-------------------------+-------+-------+-------+-------++-------
Melee: Mace              |    40 |       |       |       ||    40
       Whip              |    29 |   103 |   451 |   750 ||  1333
       Kick              |     3 |    18 |   111 |   270 ||   402
       Flail             |       |       |       |   164 ||   164
 Fire: Hunting sling     |    31 |    89 |   136 |   151 ||   407
Throw: Stone             |    20 |     5 |     9 |    10 ||    44
       Dart              |       |       |    10 |   108 ||   118
       Boomerang         |       |       |     4 |     3 ||     7
       Throwing net      |       |       |       |     2 ||     2
Invok: Depart the Abyss  |     1 |       |       |       ||     1
       Bend Space        |       |       |     2 |    18 ||    20
       Banish            |       |       |       |     1 ||     1
Evoke: Wand              |       |     7 |    23 |    39 ||    69
       Phial of floods   |       |       |       |     1 ||     1
  Use: Scroll            |       |     3 |     3 |     7 ||    13
       Potion            |       |     1 |     1 |     6 ||     8
 Stab: Sleeping          |     1 |       |       |       ||     1
Armor: Leather armour    |    24 |     7 |       |       ||    31
       Ring mail         |       |     3 |       |       ||     3
       Scale mail        |       |    24 |   124 |   241 ||   389
       Acid dragon scale |       |       |       |   301 ||   301
Dodge: Dodged            |    45 |    49 |   177 |   680 ||   951
Block: Other             |       |       |    54 |   185 ||   239
